 Dungeon Crawl Stone Soup version 0.29-a0-375-g5102b3be25 (webtiles) character file.

Game seed: 1655866618750763208

71 timneilson the Covered (level 4, -2/28 HPs)
             Began as a Gargoyle Fighter on May 3, 2022.
             Slain by Robin
             ... wielding a +5 mace of holy wrath
              (11 damage)
             ... on level 2 of the Dungeon.
             The game lasted 00:03:01 (1881 turns).

timneilson the Covered (Gargoyle Fighter)           Turns: 1881, Time: 00:03:01

Health: -2/28      AC: 13    Str: 21    XL:     4   Next: 24%
Magic:  4/4        EV:  7    Int:  9    God:
Gold:   62         SH:  4    Dex:  9    Spells: 3/3 levels left

rFire   . . .      SeeInvis .   a - +0 long sword
rCold   . . .      Faith    .   c - +0 buckler
rNeg    + . .      Spirit   .   g - +0 chain mail
rPois   ∞          Reflect  .   (no helmet)
rElec   +          Harm     .   (no cloak)
rCorr   .          Rampage  .   (no gloves)
Will    .....                   (no boots)
Stlth   ..........              (no amulet)
HPRegen 0.09/turn               (no ring)
MPRegen 0.09/turn               (no ring)

@: no status effects
A: sickness immunity, AC +3, negative energy resistance 1, electricity
resistance, torment resistance 1, petrification resistance
a: no special abilities


You were on level 2 of the Dungeon.
You visited 1 branch of the dungeon, and saw 2 of its levels.

You collected 62 gold pieces.

Inventory:

Hand Weapons
 a - a +0 long sword (weapon)
Armour
 c - a +0 buckler (worn)
 g - a +0 chain mail (worn)
Potions
 d - a potion of might


   Skills:
 + Level 3.6 Fighting
 * Level 2.5 Long Blades
 * Level 4.0 Armour
 + Level 0.6 Dodging
 * Level 3.8 Shields


You had 3 spell levels left.
You didn't know any spells.
Your spell library was empty.

Dungeon Overview and Level Annotations

Branches:
Dungeon (2/15)

Altars:

Annotations:
D:2 Robin


Innate Abilities, Weirdness & Mutations

You are immune to sickness and miasma.
Your stone body is resilient. (AC +3)
You are immune to poison.
You resist negative energy. (rN+)
You are resistant to electric shocks. (rElec)
You are resistant to unholy torment.
You are immune to petrification.


Message History

The goblin attacks as you move away! The goblin barely misses you.
The goblin attacks as you move away! The goblin hits you but does no damage.
The goblin attacks as you move away! You block the goblin's attack.
The goblin attacks as you move away! The goblin hits you but does no damage.
Items here: )))).
You slash the goblin!
You kill the goblin!
You hit the goblin.
You kill the goblin!
The goblin hits you but does no damage.
Items here: )))))).
You barely miss the goblin. The goblin hits you with a +0 club.
The goblin hits you but does no damage. You block the goblin's attack.
The goblin barely misses you. The goblin attacks as you move away!
The goblin completely misses you. The goblin attacks as you move away!
The goblin hits you but does no damage.
You slash the goblin!
You kill the goblin!
Robin flexes a bicep menacingly.
Robin roars a battlecry!
The goblins go into a battle-frenzy!
You closely miss the goblin. The goblin hits you but does no damage.
You completely miss the goblin. The goblin hits you but does no damage.
You hit the goblin.
The goblin is heavily wounded.
Robin's horned helmet rattles.
The goblin hits you but does no damage. Robin throws the goblin at you!
The goblin hits you but does no damage.
The kobold throws a stone.
The stone barely misses you.
You hit the goblin.
You kill the goblin!
You block the goblin's attack.
You barely miss the goblin.
The goblin is heavily wounded.
Robin hits you with a +5 mace of holy wrath!
The goblin hits you with a +0 dagger.
You hit Robin.
Robin is lightly wounded.
Robin hits you with a +5 mace of holy wrath!
You die...

#.### #.# #.# ######### #.#
.#...# #.# #>......# #.# .#...#.
#.# #.#####.# #.# ....... #.####
#.......###.######.#...#. #....#
#.##............##>......
####.####.......##.###........##.
#......##.##g##.###.......#...
#####.#.≈.≈.#@#.##.†..........
#.#).≈.≈..#gg##...#.##.#...
#.#≈≈≈≈.≈≈≈≈#......#....g..g
#.#..≈.≈≈≈.≈..#.#..#####)#...
#.#...≈≈_≈≈...#.#..#####.# . #
#...≈≈.≈≈...#.#...K.g.K#...
#...≈.≈.≈...#.#..........#
#..≈.≈.≈.≈..#.#.####.......
.#≈.≈...≈.≈#.##.# #.......


You could see Robin, a hobgoblin (strong) and a goblin (strong).

Vanquished Creatures
  2 adders (D:2)
  A worm (D:2)
  A dart slug (D:1)
  6 ball pythons
  2 endoplasms (D:1)
  11 goblins
  3 hobgoblins
  7 jackals
  3 kobolds
  A quokka (D:1)
  A bat (D:2)
  2 frilled lizards (D:2)
  2 rats
42 creatures vanquished.

Notes
Turn   | Place    | Note
-------+----------+-------------------------------------------
     0 | D:1      | timneilson the Gargoyle Fighter began the quest for the
                  | Orb.
     0 | D:1      | Reached XP level 1. HP: 14/14 MP: 1/1
   493 | D:1      | Reached XP level 2. HP: 15/19 MP: 2/2
  1249 | D:2      | Reached XP level 3. HP: 2/23 MP: 3/3
  1709 | D:2      | Found a faded altar of an unknown god.
  1790 | D:2      | Noticed Robin
  1800 | D:2      | Reached skill level 4 in Armour
  1800 | D:2      | Reached XP level 4. HP: 28/28 MP: 4/4
  1881 | D:2      | Slain by Robin

Illustrated notes

Levels and vault maps discovered:
D:1:      lightli_arrival_flooded_house, layout_rooms
D:2:      layout_loops_cross, shapermc_ecumenical_altar_starsandcircs,
          basic_altar, minmay_tromino_v2, uniq_robin

Skill      XL: |  1  2  3 |
---------------+----------+-----
Long Blades    | 2 |  2.5
Armour         | 4 |  4.0
Fighting       | |  3.6
Dodging        | |  0.6
Shields        | |  3.8

Action                   |  1- 3 |  4- 6 || total
-------------------------+-------+-------++-------
Melee: Long sword        |   162 |    45 ||   207
  Use: Scroll            |     3 |       ||     3
Armor: Chain mail        |   126 |    48 ||   174
       Scale mail        |     9 |       ||     9
Dodge: Dodged            |    64 |    18 ||    82
Block: Buckler           |    40 |    18 ||    58

Table legend: (Time is in decaauts)
 A = Elapsed time spent in this place.
 B = Non-inter-level travel time spent in this place.
 C = Inter-level travel time spent in this place.
 D = Time resting spent in this place.
 E = Time spent auto-exploring this place.
 F = Levels seen in this place.
 G = Mean time per level.
                   A        B        C        D        E       F      G
               +--------+--------+--------+--------+--------+-----+--------+
         Total |   1952 |   1931 |     21 |      0 |   1480 |   2 |  976.0 |
       Dungeon |   1952 |   1931 |     21 |      0 |   1480 |   2 |  976.0 |
               +--------+--------+--------+--------+--------+-----+--------+

Top non-repeatable levels by time:
     D:1: 1255 daAuts
     D:2: 696 daAuts
